 Dungeon Crawl Stone Soup version 0.20-a0-19-gd4fea00 (webtiles) character file.

1184 FrankyJ the Skirmisher (level 8, -1/83 HPs)
             Began as a Troll Gladiator on Nov 6, 2016.
             Slain by Pikel
             ... wielding a +1 whip of flaming
              (3 damage)
             ... on level 6 of the Dungeon.
             The game lasted 00:13:16 (5522 turns).

FrankyJ the Skirmisher (Troll Gladiator)            Turns: 5522, Time: 00:13:16

Health: -1/83      AC:  5    Str: 24    XL:     8   Next: 19%
Magic:  7/7        EV: 11    Int:  4    God:
Gold:   317        SH:  0    Dex: 12    Spells: 0 memorised, 7 levels left

rFire  x . .     SeeInvis .     s - +0 giant spiked club
rCold  + . .     Gourm    +     b - +0 robe
rNeg   . . .     Faith    .     (shield currently unavailable)
rPois  .         Spirit   .     c - +0 hat
rElec  .         Reflect  .     (no cloak)
rCorr  .         Harm     .     (gloves unavailable)
MR     .....                    (boots unavailable)
Stlth  +.........               g - amulet of rage
                                (no ring)
                                t - ring of ice

@: exhausted, slowed, drained, very slow
A: unfitting armour, claws 3, fast metabolism 3, gourmand, regeneration 1,
shaggy fur 1, tough skin 2
a: Evoke Berserk Rage


You were on level 6 of the Dungeon.
You were full.

You visited 1 branch of the dungeon, and saw 6 of its levels.
You also visited: Sewer and Ossuary.

You collected 317 gold pieces.

Inventory:

Hand Weapons
 a - a +0 flail
 s - a +0 giant spiked club (weapon)
Missiles
 d - a throwing net (quivered)
 q - 12 tomahawks
Armour
 b - a +0 robe (worn)
 c - a +0 hat (worn)
Rods
 w - a +2 rod of inaccuracy (14/14)
   (You found it on level 5 of the Dungeon)
Jewellery
 g - an amulet of rage (around neck)
 t - a ring of ice (left claw)
Wands
 p - a wand of slowing (16/48)
 r - a wand of paralysis (3/24)
Scrolls
 k - 4 scrolls of identify
 n - 4 scrolls of remove curse
 v - a scroll of blinking {unknown}
Potions
 e - 2 potions of lignification {unknown}
 i - a potion of heal wounds {unknown}
 j - 6 potions of degeneration {unknown}
 l - a potion of resistance {unknown}
 m - a potion of berserk rage {unknown}
 o - 2 potions of brilliance {unknown}
 u - a potion of curing
 x - a potion of cancellation {unknown}
 z - a potion of agility {unknown}
Comestibles
 f - 6 bread rations
 h - 2 meat rations


   Skills:
 * Level 5.8(4.7) Fighting
 + Level 5.6(4.5) Maces & Flails
 - Level 1.7(0.7) Throwing
 + Level 4.4(3.3) Dodging


You had 7 spell levels left.
You didn't know any spells.

Dungeon Overview and Level Annotations

Branches:
Dungeon (6/15)
 Temple: D:4-7

Altars:
Cheibriados
Qazlal
Vehumet

Shops:
D:4 =

Annotations:
D:4 Grinder
D:6 Pikel


Innate Abilities, Weirdness & Mutations

You are too large for most types of armour.
You have claws for hands.
Your metabolism is lightning-fast.
You like to eat raw meat.
Your natural rate of healing is unusually fast.
You are covered in fur. (AC +1)
You have very tough skin. (AC +2)


Message History

The bullfrog is severely wounded.
The bullfrog hits you.
* * * LOW HITPOINT WARNING * * *
The bullfrog hits you but does no damage.
You sock the bullfrog!
You kill the bullfrog!
You closely miss Pikel. Pikel barely misses you.
You closely miss Pikel. Pikel hits you with a whip of flaming.
* * * LOW HITPOINT WARNING * * *
Pikel burns you.
* * * LOW HITPOINT WARNING * * *
You closely miss Pikel.
You are no longer berserk.
You are exhausted.
You feel yourself slow down. Pikel barely misses you.
You barely miss Pikel. Pikel hits you but does no damage.
Pikel hits you with a whip of flaming.
* * * LOW HITPOINT WARNING * * *
Pikel burns you.
You die...

..
##.####################
..............@Kp.....##
..(........##########..#
....#+#....# ###........
... #.#...## ..
......... # ###.###.##
(............
+.....'..#####..
...pp######
###.###........ ..z....
#.#....##.##.........#
#+#........######.....


You could see Pikel and a slave.

Vanquished Creatures
  3 ogres (D:5)
  2 slaves (D:6)
  2 phantoms (D:4)
  2 bullfrogs
  A scorpion (D:5)
  A wight (D:6)
  A howler monkey (D:5)
  A hound (D:4)
  An orc priest (D:4)
  An iguana (D:5)
  4 worker ants (D:4)
  3 mummies (Ossuary)
  3 gnolls (D:4)
  6 adders
  A shadow imp (D:3)
  4 oozes
  4 adder zombies
  An adder skeleton (D:4)
  3 worms
  3 dart slugs
  9 leopard geckos
  11 orcs
  5 giant cockroaches
  7 goblins
  7 hobgoblins
  10 jackals
  3 quokkas
  4 ball pythons
  8 bats
  8 frilled lizards
  2 gnoll zombies (Ossuary)
  A goblin zombie (Ossuary)
  2 hobgoblin zombies (Ossuary)
  6 kobolds
  3 kobold zombies (Ossuary)
  A leopard gecko zombie (D:5)
  3 quokka zombies (Ossuary)
  11 rats
  4 rat zombies (Ossuary)
152 creatures vanquished.

Notes
Turn   | Place    | Note
-------+----------+-------------------------------------------
     0 | D:1      | FrankyJ the Troll Gladiator began the quest for the Orb.
     0 | D:1      | Reached XP level 1. HP: 19/19 MP: 0/0
   245 | D:1      | Reached XP level 2. HP: 27/27 MP: 1/1
   771 | D:2      | Reached XP level 3. HP: 23/35 MP: 2/2
   954 | D:2      | Found a radiant altar of Vehumet.
  1428 | D:2      | Reached XP level 4. HP: 42/42 MP: 3/3
  1862 | D:3      | Found a snail-covered altar of Cheibriados.
  2113 | D:3      | Reached XP level 5. HP: 47/49 MP: 4/4
  2547 | D:4      | Noticed Grinder
  2561 | D:4      | Noticed a phantom
  2593 | D:4      | Killed a phantom
  2661 | D:4      | Reached XP level 6. HP: 39/61 MP: 5/5
  2884 | D:4      | Found a glowing drain.
  2927 | Sewer    | Entered a sewer
  3644 | D:4      | Reached XP level 7. HP: 35/70 MP: 6/6
  3822 | D:4      | Found Odenid's Jewellery Emporium.
  4254 | D:5      | Entered Level 5 of the Dungeon
  4352 | D:5      | Identified a +2 rod of inaccuracy (14/14) (You found it on level 5 of the Dungeon)
  4353 | D:5      | Reached skill level 5 in Fighting
  4353 | D:5      | Reached skill level 5 in Maces & Flails
  4750 | D:5      | Found a stormy altar of Qazlal.
  4751 | D:5      | Noticed an air elemental
  4756 | D:5      | Noticed a fire elemental
  4766 | D:5      | Noticed a water elemental
  4953 | D:5      | Reached XP level 8. HP: 73/81 MP: 7/7
  5098 | D:6      | Found a sand-covered staircase.
  5104 | Ossuary  | Entered an ossuary
  5489 | D:6      | Noticed Pikel
  5520 | D:6      | HP: 6/124 [Pikel/whip of flaming (3)]
  5522 | D:6      | HP: 2/83 [Pikel/whip of flaming (4)]
  5522 | D:6      | Slain by Pikel

Vault maps used:
D:1:      tarquinn_simple_flora_water_a
D:2:      vehumet_crystals
D:3:      cheibriados_altar_wand_db
D:4:      serial_shops, shop, first_bread, portal_sewer_entry_d, uniq_grinder
D:5:      nicolae_qazlal_style_of_elements
D:6:      nicolae_ossuary_entry_plus, uniq_pikel, uniq_edmund
Sewer:    sewer_big_baddie
Ossuary:  ossuary_minmay_chase

Skill      XL: |  1  2  3  4  5  6  7 |
---------------+----------------------+-----
Dodging        | 3 4 |  4.4
Maces & Flails | 3 4 5 |  5.6
Fighting       | 2 3 4 5 |  5.8
Throwing       | |  1.7

Action                   |  1- 3 |  4- 6 |  7- 9 || total
-------------------------+-------+-------+-------++-------
Melee: Flail             |   139 |   264 |    44 ||   447
       Giant spiked club |       |       |   120 ||   120
Throw: Throwing net      |       |     2 |       ||     2
 Abil: Evoke Berserk Rag |       |     1 |     1 ||     2
Evoke: Wand              |       |       |     1 ||     1
       Rod               |       |       |     1 ||     1
  Use: Scroll            |       |     4 |     2 ||     6
       Potion            |       |     1 |       ||     1
 Stab: Sleeping          |     1 |     2 |       ||     3
  Eat: Chunk             |    19 |    22 |    12 ||    53
       Meat ration       |       |       |     1 ||     1
Armor: Robe              |    50 |   116 |    61 ||   227
Dodge: Dodged            |    80 |   187 |   141 ||   408
